 Dungeon Crawl Stone Soup version 0.31-a0-819-gf6de2f5ab6 (webtiles) character file.

Game seed: 10503025159390351762

1271 dialectric the Poker (level 8, 0/55 HPs)
             Began as an Octopode Fighter on Sept 23, 2023.
             Was a Follower of Nemelex Xobeh.
             Constricted to death by Joseph (6 damage)
             ... on level 8 of the Dungeon.
             The game lasted 00:07:14 (6537 turns).

dialectric the Poker (Octopode Fighter)             Turns: 6537, Time: 00:07:14

Health: 0/55       AC:  1    Str: 16    XL:     8   Next: 53%
Magic:  8/8        EV: 11    Int: 16    God:    Nemelex Xobeh [*.....]
Gold:   405        SH:  5    Dex: 13    Spells: 7/7 levels left

rFire   . . .        a - +0 trident
rCold   . . .        b - +0 buckler
rNeg    . . .        (helmet restricted)
rPois   .            (no amulet)
rElec   .            q - ring of willpower
rCorr   .            B - +6 ring of intelligence
SInv    .            A - ring of willpower
Will    ++...        (no ring)
Stlth   ++++         (no ring)
HPRegen 0.29/turn    (no ring)
MPRegen 0.11/turn    (no ring)
                     (no ring)

%: no passive effects
@: grasped by roots, constricted
A: almost no armour, amphibious, 8 rings, camouflage 1, gelatinous body 1,
(nimble swimmer 1), tentacles
a: Renounce Religion, Draw Escape, Draw Destruction, Draw Summoning


You were on level 8 of the Dungeon.
You worshipped Nemelex Xobeh.
Nemelex Xobeh was aware of your devotion.
You visited 1 branch of the dungeon, and saw 8 of its levels.

You collected 447 gold pieces.
You spent 42 gold pieces at shops.

Inventory:

Hand Weapons
 a - a +0 trident (weapon)
Armour
 b - a +0 buckler (worn)
 t - a +0 barding
Jewellery
 q - a ring of willpower (left tentacle)
 A - a ring of willpower (on tentacle)
 B - a +6 ring of intelligence (right tentacle)
Wands
 w - a wand of roots (13)
 D - a wand of acid (2)
Scrolls
 i - 2 scrolls of poison {unknown}
 j - 4 scrolls of enchant armour {unknown}
 k - 3 scrolls of teleportation
 m - a scroll of fear {unknown}
 n - 2 scrolls of revelation {unknown}
 o - a scroll of brand weapon {unknown}
 s - a scroll of blinking {unknown}
 u - a scroll of acquirement {unknown}
 v - 2 scrolls of noise {unknown}
 y - a scroll of identify
 C - a scroll of vulnerability {unknown}
 E - a scroll of butterflies {unknown}
Potions
 c - a potion of berserk rage {unknown}
 d - a potion of degeneration {unknown}
 e - a potion of curing
 f - 3 potions of lignification
 g - a potion of cancellation {unknown}
 h - 2 potions of heal wounds {unknown}
 l - 3 potions of brilliance
 p - a potion of ambrosia
 r - 2 potions of invisibility {unknown}
 x - a potion of resistance {unknown}
 z - a potion of might


   Skills:
 + Level 5.2 Fighting
 + Level 6.7 Polearms
 + Level 4.5 Dodging
 - Level 6.2 Stealth
 * Level 3.9 Shields


You had 7 spell levels left.
You didn't know any spells.
Your spell library contained the following spells:

 Spells                   Type           Power      Damage    Failure   Level
 Cigotuvi's Dreadful Rot  Necr/Pois/Air  0%         N/A       43%         2
 Ignite Poison            Fire/Tmut/Pois 0%         N/A       67%         3
 Dispel Undead            Necr           0%         3d6       97%         4
 Sticky Flame             Conj/Fire      0%         2d3       97%         4
 Death Channel            Necr           0%         N/A       100%        6
 Ignition                 Fire           0%         3d3       100%        8


Dungeon Overview and Level Annotations

Branches:
Dungeon (8/15)             Temple (0/1) D:6
   Lair: D:8-11

Altars:
Makhleb
Nemelex Xobeh
Qazlal
Ru
Yredelemnul
Zin

Shops:
D:1 ?:((=   D:7 (

Annotations:
D:8 Joseph


Innate Abilities, Weirdness & Mutations

You cannot wear most types of armour.
You are amphibious.
You can wear up to eight rings at the same time.
Your skin changes colour to match your surroundings (Stealth+).
Your rubbery body absorbs attacks. (AC +1, EV +1)
((You are camouflaged when in or above water. (Stealth+)))
You have tentacles for arms and can constrict up to eight enemies at once.


Message History

Joseph shoots a sling bullet.
The sling bullet hits you!
* * * LOW HITPOINT WARNING * * *
You climb upwards.
There is a stone staircase leading down here.
Unknown command.
Unknown command.
You start resting.
HP restored.
Okay, then.
There is an escape hatch in the floor here.
You see here 8 stones.
There is a stone staircase leading down here.
You climb downwards.
Level annotation: Joseph Joseph zaps a wand.
The roots erupt in riotous growth!
The grasping roots grab you!
Joseph is unaffected.
The grasping roots constrict you!
Joseph unwields a +0 sling.
Joseph wields a +0 quarterstaff of speed.
You block Joseph's attack. The grasping roots constrict you!
You hear a howl!
You hear a croak.
There is a stone staircase leading up here.
You hit Joseph. You grab Joseph. You squeeze Joseph.
Joseph is lightly wounded.
You constrict Joseph, but do no damage.
You hear a shout!
Joseph closely misses you. The grasping roots constrict you!
You hit Joseph. You squeeze Joseph.
Joseph is moderately wounded.
You constrict Joseph.
Joseph hits you with a +0 quarterstaff of speed!!
* * * LOW HITPOINT WARNING * * *
The grasping roots constrict you!
* * * LOW HITPOINT WARNING * * *
You feel better.
You constrict Joseph. Joseph barely misses you.
The grasping roots constrict you.
* * * LOW HITPOINT WARNING * * *
You block Joseph's attack. The grasping roots constrict you.
You die...
Your body disappears without a glow.

.......
......
..... #...#
#....
#...#######
#.@.......#
#..@#####
##..#...#
#.....#
##<##.#
#.......#
#.##.##.#
##. # #


You could see Joseph.

Vanquished Creatures
  A water moccasin (D:7)
  A black bear (D:7)
  An ogre (D:7)
  2 bullfrogs (D:6)
  A kobold brigand (D:6)
  A scorpion (D:4)
  2 howler monkeys
  3 hounds
  3 jellies
  2 orc priests
  A sleepcap (D:5)
  2 iguanas
  5 orc wizards
  The ghost of Age the Shield-Bearer, a weakling MiFi (D:3)
  6 adders
  A white imp (D:5)
  3 worms
  22 orcs
  14 bats
  9 endoplasms
  4 giant cockroaches
  7 hobgoblins
  4 jackals (D:4)
  A quokka (D:3)
  7 ball pythons
  9 frilled lizards
  13 goblins
  13 kobolds
  5 rats
144 creatures vanquished.

Vanquished Creatures (others)
  An orc (D:5)
1 creature vanquished.

Grand Total: 145 creatures vanquished

Notes
Turn   | Place    | Note
-------+----------+-------------------------------------------
     0 | D:1      | dialectric the Octopode Fighter began the quest for the
                  | Orb.
     0 | D:1      | Reached XP level 1. HP: 16/16 MP: 1/1
   181 | D:1      | Reached XP level 2. HP: 11/21 MP: 2/2
   232 | D:1      | Found Hozas's Weapon Shoppe.
   259 | D:1      | Found Laemoin's Jewellery Shoppe.
   374 | D:1      | Found Sutal's Antique Weapon Shop.
   475 | D:1      | Found Ziughayt's Book Boutique.
   569 | D:1      | Found Suarphas's Magic Scroll Shop.
   572 | D:1      | Bought a scroll of teleportation for 42 gold pieces
  1052 | D:2      | Reached XP level 3. HP: 26/26 MP: 3/3
  1254 | D:2      | Reached skill level 1 in Stealth
  1726 | D:2      | Reached XP level 4. HP: 23/31 MP: 4/4
  2023 | D:3      | Found a glowing silver altar of Zin.
  2082 | D:3      | Reached XP level 5. HP: 32/36 MP: 5/5
  2136 | D:3      | Found a runed translucent door.
  2167 | D:3      | Noticed Age's ghost (weakling MiFi)
  2184 | D:3      | Killed Age's ghost
  2193 | D:3      | Found a runed translucent door.
  2885 | D:4      | Reached XP level 6. HP: 41/43 MP: 6/6
  2911 | D:4      | Found a sacrificial altar of Ru.
  3348 | D:4      | Found a sparkling altar of Nemelex Xobeh.
  3510 | D:5      | Entered Level 5 of the Dungeon
  3577 | D:4      | Became a worshipper of Nemelex Xobeh the Trickster
  4129 | D:5      | Reached XP level 7. HP: 43/48 MP: 7/7
  4413 | D:5      | Found a stormy altar of Qazlal.
  4599 | D:6      | Reached skill level 5 in Polearms
  4812 | D:6      | Reached skill level 5 in Stealth
  5173 | D:6      | Found a burning altar of Makhleb.
  5227 | D:6      | Found a basalt altar of Yredelemnul.
  5418 | D:6      | Found a staircase to the Ecumenical Temple.
  5534 | D:6      | Reached XP level 8. HP: 48/54 MP: 8/8
  5596 | D:7      | Identified the +1 quarterstaff of Brawling {holy, Int+5
                  | Stlth-}
  5853 | D:7      | Reached * piety under Nemelex Xobeh
  5952 | D:7      | Reached skill level 5 in Fighting
  6193 | D:7      | Found Joitoid's Weapon Emporium.
  6199 | D:7      | Received a gift from Nemelex Xobeh
  6313 | D:8      | Noticed Joseph
  6536 | D:8      | HP: 1/55 [constriction (10)]
  6537 | D:8      | Constricted to death by Joseph

Illustrated notes

Levels and vault maps discovered:
D:1:      heliophobic_arrival_enchanted_forest, layout_loops_corners,
          serial_shops, nicolae_shop_window_shopping, nicolae_square_shop,
          shop_coins, shop, nicolae_shop_trees, nrook_mini_vaults
D:2:      layout_basic
D:3:      minmay_wonky_spiral, layout_loops_cross, zin_statuary, minitemple,
          ebering_ghost_sewer_f
D:4:      layout_cave_pods, kennysheep_little_box, nicolae_ru_path_of_blood,
          nicolae_houndstooth_variations
D:5:      layout_rooms, grunt_qazlal_clouds, st_stairs_7
D:6:      layout_loops_cross, nicolae_overflow_crystal_walls,
          mainiacjoe_overflow_chevrons, makhleb_heckhound_becter,
          minmay_temple_entry_trees, serial_bayou_crossing
D:7:      layout_loops_ring, serial_shops, shop, roderic_batcave
D:8:      layout_loops_cross, overflow_temple_1_default, uniq_grum, uniq_joseph,
          uniq_pikel

Skill      XL: |  1  2  3  4  5  6  7  8 |
---------------+-------------------------+-----
Stealth        | 2 3 4 5 6 |  6.2
Polearms       | 3 4 6 |  6.7
Fighting       | 4 5 |  5.2
Dodging        | 4 |  4.5
Shields        | |  3.9

Action                     |  1- 3 |  4- 6 |  7- 9 || total
---------------------------+-------+-------+-------++-------
  Melee: Trident           |    87 |   151 |   135 ||   373
         Constrict         |    12 |    32 |    25 ||    69
         Tentacles         |     6 |    21 |    22 ||    49
         Punch             |       |     2 |     3 ||     5
  Evoke: Wand              |       |       |     1 ||     1
    Use: Potion            |       |     2 |     2 ||     4
         Scroll            |       |       |     4 ||     4
   Stab: Sleeping          |    14 |    15 |     9 ||    38
         Distracted        |     1 |       |       ||     1
 Armour: Skin              |    15 |    58 |    47 ||   120
  Dodge: Dodged            |    33 |    78 |    79 ||   190
  Block: Buckler           |    10 |    24 |    27 ||    61

Table legend: (Time is in decaauts)
 A = Elapsed time spent in this place.
 B = Non-inter-level travel time spent in this place.
 C = Inter-level travel time spent in this place.
 D = Time resting spent in this place.
 E = Time spent auto-exploring this place.
 F = Levels seen in this place.
 G = Mean time per level.
                   A        B        C        D        E       F      G
               +--------+--------+--------+--------+--------+-----+--------+
         Total |   6603 |   6249 |    354 |    570 |   4423 |   8 |  825.4 |
       Dungeon |   6603 |   6249 |    354 |    570 |   4423 |   8 |  825.4 |
               +--------+--------+--------+--------+--------+-----+--------+

Top non-repeatable levels by time:
     D:4: 1318 daAuts
     D:1: 984 daAuts
     D:7: 982 daAuts
     D:5: 964 daAuts
     D:2: 810 daAuts
     D:6: 779 daAuts
     D:3: 747 daAuts
     D:8: 15 daAuts
